Description

PiGs PvX Gold with Timestamps

Build Order

Get SALT Encoding   

  14  0:17  Pylon (Chrono Boost)  vs Z @ natural; Chrono Nexus
  16  0:40  Gateway  
  17  0:50  Assimilator  
  20  1:25  Nexus  
  20  1:35  Cybernetics Core  
  21  1:50  Assimilator  
  21  2:00  Pylon  vs P,T @natural
  25  2:20  Stalker (Chrono Boost)  + Warpgate
  30  2:40  Stalker  + Chrono natural Nexus
  32  2:47  Robotics Facility  
  34  3:00  Gateway x2  +Pylon
  36  3:20  Shield Battery  @natural (in pvp)
  41  3:35  Observer (Chrono Boost)  
  43  3:50  Pylon  Keep building Pylons as needed
  43  3:55  Assimilator x2  
  47  4:05  Sentry x3  
  53  4:30  Robotics Bay  
  60  4:45  Immortal (Chrono Boost)  + 2*Sentry
  74  5:18  Colossus (Chrono Boost)  
  74  5:30  Stalker x3  
  80  5:40  Gateway x5  
  80  6:00  Colossus (Chrono Boost)  + Range Upgrade (Chrono)
  86  6:15  Action  Scout with Haluzination Pheonix
  86  6:30  Stalker x4  
  92  6:40  Forge  + Shieldbattery in Mainmineralline
  94  6:41  Warp Prism (Chrono Boost)  
  94  7:00  Action  Scout with Haluzination Pheonix
  106  7:05  Stalker x3  Warp as many stalker as possible until warpprism spawns
  106  7:08  Pylon x3  Remember to built some extra pylons for aggressive WarpInns
  111  7:20  Action  Its go time : built another round of units with the warpprism in front of opponents base.
Spawning Tool Build Advisor. Get it on Overwolf

Analysis

Note Timings

Go to:

Details

  • Created by: Rac0m
  • Published on: Jul 24, 2022
  • Modified on: Jul 24, 2022
  • Patch: 4.11.0
  • Difficulty: Easy
Show
View Real Time Build Order
Export as new Build Order

Comments (1)

On Sept. 4, 2022, 10:11 a.m., Tristan107  said:

The showcase is here : https://www.youtube.com/watch?v=i6AlV5cto_c&list=PLOrKQEirgvjBJrKM31yhwA8v54pcBuXsx&index=4

Create an account to comment!